 Dungeon Crawl Stone Soup version 0.28-a0-823-gb444dcf96d (webtiles) character file.

Game seed: 2494844104522566007

16310 mcbry74 the Grappler (level 12, -2/114 HPs)
             Began as a Troll Berserker on Nov 9, 2021.
             Was an Elder of Trog.
             Slain by a blink frog (5 damage)
             ... on level 3 of the Lair of Beasts.
             The game lasted 00:55:10 (9757 turns).

mcbry74 the Grappler (Troll Berserker)              Turns: 9757, Time: 00:55:10

Health: -2/114     AC:  9    Str: 31    XL:     12   Next: 8%
Magic:  11/11      EV: 10    Int:  4    God:    Trog [****..]
Gold:   864        SH:  0    Dex:  9    Spells: 11/11 levels left

rFire   . . .      SeeInvis .     - Unarmed
rCold   . . .      Faith    .   (no shield)
rNeg    . . .      Spirit   .   G - +0 swamp dragon scales
rPois   +          Reflect  .   (helmet restricted)
rElec   .          Harm     .   (no cloak)
rCorr   .          Rampage  .   (gloves unavailable)
Will    .....                   (boots unavailable)
Stlth   ..........              (no amulet)
HPRegen 1.29/turn               y - ring of willpower
MPRegen 0.12/turn               (no ring)

@: weak-willed
A: large, unfitting armour, claws 3, regeneration 1, shaggy fur 1, tough skin 1
a: Renounce Religion, Berserk, Trog's Hand, Brothers in Arms


You were on level 3 of the Lair of Beasts.
You worshipped Trog.
Trog was greatly pleased with you.
You visited 2 branches of the dungeon, and saw 14 of its levels.

You collected 864 gold pieces.

Inventory:

Hand Weapons
 p - a +2 morningstar of holy wrath
 s - a +0 giant spiked club
 x - a +0 flail of draining
Missiles
 i - 50 poisoned darts
 z - 2 boomerangs (quivered)
 C - 3 curare-tipped darts
 S - 3 throwing nets
Armour
 a - a +0 animal skin
 G - +0 swamp dragon scales (worn)
 H - +0 steam dragon scales
 L - a +0 troll leather armour
Jewellery
 f - a +6 ring of dexterity
 j - a ring of ice
 y - a ring of willpower (left claw)
 Q - a ring of flight
Wands
 h - a wand of iceblast (36)
 m - a wand of flame (71)
 F - a wand of polymorph (7)
 M - a wand of paralysis (8)
Scrolls
 k - 7 scrolls of teleportation
 l - 2 scrolls of immolation
 o - 3 scrolls of fear
 q - a scroll of vulnerability
 t - a scroll of torment
 w - 4 scrolls of enchant armour
 E - 2 scrolls of fog
 I - 2 scrolls of magic mapping {unknown}
 K - a scroll of enchant weapon {unknown}
 N - a scroll of noise {unknown}
 R - a scroll of summoning {unknown}
Potions
 b - 2 potions of degeneration
 e - 4 potions of curing
 g - a potion of resistance
 n - a potion of flight
 r - a potion of might
 u - a potion of heal wounds {unknown}
 v - a potion of invisibility {unknown}
 A - a potion of magic {unknown}
 B - a potion of attraction {unknown}
 D - a potion of brilliance {unknown}
 J - 2 potions of cancellation
 O - 3 potions of haste
Miscellaneous
 P - a phantom mirror


   Skills:
 - Level 6.0 Fighting
 + Level 8.9 Maces & Flails
 - Level 5.6 Throwing
 - Level 3.0 Armour
 - Level 5.9 Dodging
 - Level 13.2 Unarmed Combat


You had 11 spell levels left.
You didn't know any spells.
Your spell library contained the following spells:

 Spells                   Type           Power      Damage    Failure   Level
 Call Canine Familiar     Summ           0%         N/A       94%         3
 Portal Projectile        Hex/Tloc       0%         N/A       94%         3
 Leda's Liquefaction      Hex/Erth       0%         N/A       100%        4


Dungeon Overview and Level Annotations

Branches:
Dungeon (11/15)            Temple (0/1) D:5            Lair (3/6) D:9
 Spider (0/4) Lair:2          Orc (0/2) D:11
  Swamp: Lair:2-4    Shoals: Lair:2-4

Altars:
Ashenzari
Elyvilon
Gozag
Kikubaaqudgha
Okawaru
Ru
Uskayaw
Vehumet
Wu Jian
Yredelemnul
Zin

Shops:
D:11 (

Annotations:
D:9 1 runed translucent door


Innate Abilities, Weirdness & Mutations

You are too large for most types of armour.
You have claws for hands.
Your natural rate of healing is unusually fast.
You are covered in fur. (AC +1)
You have tough skin. (AC +1)


Message History

The elephant trumpets!
The blink frog completely misses you.
The blink frog blinks!
The wolf barely misses you.
The blink frog blinks!
The blink frog hits you but does no damage.
The elephant closely misses you. The elephant barely misses you.
The elephant closely misses you. The elephant trunk-slaps you.
The blink frog hits you but does no damage.
The blink frog closely misses you.
The elephant tramples you but does no damage.
The elephant closely misses you.
The blink frog hits you but does no damage.
The wolf barely misses you.
The blink frog blinks!
A nearby fungus withers and dies.
The elephant tramples you but does no damage.
The elephant closely misses you. The wolf barely misses you.
The blink frog blinks!
The elephant tramples you!
You hold your ground!
The elephant trunk-slaps you. The wolf closely misses you.
The blink frog blinks!
The wolf bites you!
You mangle the elephant!!
The elephant is moderately wounded.
The wolf bites you but does no damage.
The blink frog blinks!
The wolf barely misses you. The blink frog hits you!
* * * LOW HITPOINT WARNING * * *
The blink frog blinks!
The blink frog closely misses you. The blink frog completely misses you.
The blink frog hits you!
* * * LOW HITPOINT WARNING * * *
The blink frog hits you.
* * * LOW HITPOINT WARNING * * *
The blink frog completely misses you. The wolf closely misses you.
The blink frog hits you!
* * * LOW HITPOINT WARNING * * *
The blink frog misses you.
Your ogre goes berserk!
The wolf completely misses you. The blink frog hits you!
* * * LOW HITPOINT WARNING * * *
The blink frog blinks!
The blink frog hits you.
You die...

.###......#$.# .
..........##.##...### ..
........#.#.........#...
........................
#P................(....
.##.......#.<.##........
........#.#..##P.§....#.
#....FY........#..?P..
.###...@F..YY...........
......Fh§.##.#...#.#....
.......OY#..♣.##...#....
........Y..†...#.#......
#......F.#♣.<.♣##.......
#....)...#.....# ##...
..##......#...## ..# .#
##.##..##+## ... #.#.


You could see 5 elephants, 4 blink frogs, a wolf (ally target) and a friendly
ogre (summoned, berserk).

Vanquished Creatures
  Harold (Lair:2)
  2 hydras (Lair:2)
  A death knight (D:9)
  A black mamba (Lair:1)
  3 centaur zombies
  A cane toad (Lair:1)
  A rime drake (Lair:1)
  Maggie (D:6)
  2 komodo dragons (Lair:1)
  2 jumping spiders (Lair:2)
  Grinder (D:6)
  A polar bear (Lair:2)
  A hornet (D:8)
  2 trolls
  Prince Ribbit (D:5)
  7 blink frogs
  2 redbacks (Lair:2)
  15 yaks
  Eustachio (D:4)
  4 humans (D:8)
  3 steam dragons
  A basilisk (Lair:3)
  Edmund (D:5)
  2 acid dragons
  5 water moccasins
  A sky beast (D:7)
  2 orc warriors
  A black bear (Lair:2)
  3 necrophages (D:6)
  A hornet zombie (D:7)
  3 ogres
  5 centaurs
  10 wolves
  A phantom (D:7)
  3 kobold brigands
  6 bullfrogs
  A wyvern zombie (D:8)
  A scorpion (D:6)
  8 killer bees
  2 electric eels (D:9)
  A bullfrog zombie (D:6)
  A jelly (D:6)
  5 hounds
  3 orc priests
  2 gnoll shamans
  A centaur skeleton (D:5)
  A human skeleton (D:9)
  3 orc wizards
  3 iguanas
  A howler monkey zombie (D:9)
  3 adders
  6 gnolls
  A howler monkey skeleton (D:6)
  3 shadow imps
  2 white imps (D:6)
  A worm (D:5)
  14 orcs
  6 endoplasms
  3 giant cockroaches
  5 goblins
  4 hobgoblins
  3 jackals (D:3)
  4 quokkas
  5 ball pythons
  2 bats
  3 frilled lizards
  15 kobolds
  A kobold zombie (D:9)
  7 rats
219 creatures vanquished.

Vanquished Creatures (others)
  An orc wizard (D:10)
  4 fungi
  5 plants
10 creatures vanquished.

Grand Total: 229 creatures vanquished

Notes
Turn   | Place    | Note
-------+----------+-------------------------------------------
     0 | D:1      | mcbry74 the Troll Berserker began the quest for the Orb.
     0 | D:1      | Reached XP level 1. HP: 22/22 MP: 0/0
   102 | D:1      | Reached XP level 2. HP: 29/29 MP: 1/1
   495 | D:2      | Reached ** piety under Trog
   571 | D:2      | Reached XP level 3. HP: 34/36 MP: 2/2
   738 | D:2      | Found a faded altar of an unknown god.
   826 | D:2      | You fall into a shaft and drop 2 floors!
   826 | D:4      | Noticed Eustachio
   844 | D:4      | Killed Eustachio
   845 | D:4      | Reached skill level 1 in Throwing
   845 | D:4      | Reached skill level 4 in Unarmed Combat
   845 | D:4      | Reached XP level 4. HP: 42/45 MP: 3/3
   845 | D:4      | Reached XP level 5. HP: 50/53 MP: 4/4
  1014 | D:4      | Noticed a centaur
  1022 | D:4      | Killed a centaur
  1023 | D:4      | Reached skill level 5 in Unarmed Combat
  1023 | D:4      | Reached XP level 6. HP: 47/61 MP: 5/5
  1193 | D:4      | Found an ornate altar of the Wu Jian Council.
  1303 | D:5      | Entered Level 5 of the Dungeon
  1331 | D:5      | Found a staircase to the Ecumenical Temple.
  1811 | D:5      | Reached XP level 7. HP: 48/68 MP: 6/6
  1846 | D:5      | Noticed Edmund
  1858 | D:5      | Killed Edmund
  1914 | D:5      | Noticed Prince Ribbit
  1929 | D:5      | Killed Prince Ribbit
  1930 | D:5      | Reached skill level 6 in Unarmed Combat
  2235 | D:6      | Noticed Grinder
  2242 | D:6      | Killed Grinder
  2243 | D:6      | Reached XP level 8. HP: 79/79 MP: 7/7
  2389 | D:6      | Reached skill level 7 in Unarmed Combat
  2400 | D:6      | Found a sacrificial altar of Ru.
  2671 | D:6      | Found an ancient bone altar of Kikubaaqudgha.
  2739 | D:6      | Reached skill level 8 in Unarmed Combat
  2853 | D:6      | Noticed Maggie
  2867 | D:6      | Killed Maggie
  2868 | D:6      | Reached XP level 9. HP: 57/87 MP: 8/8
  3194 | D:7      | Reached skill level 9 in Unarmed Combat
  3227 | D:7      | Found a glowing silver altar of Zin.
  3541 | D:7      | Reached skill level 10 in Unarmed Combat
  3548 | D:7      | Found a white marble altar of Elyvilon.
  3570 | D:7      | Found a hide-covered altar of Uskayaw.
  3718 | D:7      | Reached *** piety under Trog
  4314 | D:3      | You fall into a shaft and drop 2 floors!
  4706 | D:2      | You fall into a shaft and drop 1 floor!
  5134 | D:8      | Reached skill level 11 in Unarmed Combat
  5156 | D:8      | Reached XP level 10. HP: 57/94 MP: 9/9
  5164 | D:8      | Reached skill level 12 in Unarmed Combat
  5343 | D:8      | Found a radiant altar of Vehumet.
  5449 | D:8      | Reached skill level 5 in Fighting
  5529 | D:8      | Reached skill level 5 in Dodging
  5583 | D:8      | Found an iron altar of Okawaru.
  5618 | D:9      | Found a staircase to the Lair.
  5638 | D:8      | Reached skill level 1 in Armour
  5695 | D:9      | Reached **** piety under Trog
  6072 | D:9      | Noticed a death knight
  6084 | D:9      | Killed a death knight
  6085 | D:9      | Reached skill level 5 in Throwing
  6403 | D:9      | Reached skill level 13 in Unarmed Combat
  6407 | D:9      | Found a runed translucent door.
  6414 | D:9      | Found a basalt altar of Yredelemnul.
  6495 | D:9      | Identified the +2 long sword "Loczidoe" {drain, Dex+2}
  6669 | D:10     | Entered Level 10 of the Dungeon
  6713 | D:10     | Reached XP level 11. HP: 84/105 MP: 10/10
  6752 | D:10     | Identified the +2 robe of the Desert {Str+4 Int-5 Dex+3}
  7053 | D:10     | Found an opulent altar of Gozag.
  7383 | D:11     | Found Ninageopp's Weapon Shop.
  7383 | D:11     | Found a staircase to the Orcish Mines.
  7460 | D:11     | Noticed an eight-headed hydra
  7529 | Lair:1   | Entered Level 1 of the Lair of Beasts
  7563 | Lair:1   | Reached skill level 1 in Maces & Flails
  7884 | Lair:1   | Reached skill level 5 in Maces & Flails
  8024 | Lair:1   | Found a broken altar of Ashenzari.
  8376 | Lair:2   | Noticed a four-headed hydra
  8471 | Lair:2   | Killed a five-headed hydra
  8598 | Lair:2   | Noticed a four-headed hydra
  8610 | Lair:2   | Killed a four-headed hydra
  8909 | Lair:2   | Found a hole to the Spider Nest.
  9053 | Lair:2   | Noticed Harold
  9068 | Lair:2   | Killed Harold
  9367 | Lair:2   | Reached XP level 12. HP: 84/114 MP: 11/11
  9757 | Lair:3   | HP: 3/114 [blink frog (12)]
  9757 | Lair:3   | Slain by a blink frog

Illustrated notes

Levels and vault maps discovered:
D:1:      minmay_arrival_solitary_statue, layout_rooms
D:2:      layout_basic, shapermc_ecumenical_altar_petra
D:3:      layout_rooms
D:4:      layout_cave_pools, nzn_wu_jian_council_hall,
          chequers_serial_rivers_micro_a, minmay_misc_feat_pillars,
          uniq_eustachio
D:5:      layout_basic, minmay_temple_entry_water_ring, uniq_edmund,
          uniq_prince_ribbit1
D:6:      layout_basic, nicolae_ru_sacrificial_ziggurat,
          mainiacjoe_overflow_small_starburst, uniq_grinder, uniq_maggie
D:7:      layout_loops_ring, nicolae_uskayaw_murder_on_the_dancefloor,
          zin_statuary, lemuel_doored_altar
D:8:      layout_rooms, mainiacjoe_overflow_alcove_1,
          mainiacjoe_overflow_tiny_flanked, minmay_ruffians
D:9:      layout_irregular_city, dk_yredelemnul_ordeal, erik_lair_island
D:10:     layout_loops_ring, mainiacjoe_overflow_surrounded_room,
          minmay_misc_feat_encased
D:11:     layout_grid_maze, orc_david_3, lemuel_flamethrower_2
Lair:1:   layout_small_grid, basic_altar
Lair:2:   layout_cave_pods, spider_nest_entry_a, uniq_harold
Lair:3:   layout_gridlike, elwin_shoals_entry_stream, gauntlet_entry_generic,
          grunt_megastairs_1

Skill      XL: |  1  2  3  4  5  6  7  8  9 10 11 |
---------------+----------------------------------+-----
Fighting       | 3 4 5 6 |  6.0
Throwing       | 1 2 3 4 5 |  5.6
Dodging        | 3 4 5 |  5.9
Unarmed Combat | 4 5 6 8 11 13 | 13.2
Armour         | 2 3 |  3.0
Maces & Flails | 8 |  8.9

Action                   |  1- 3 |  4- 6 |  7- 9 | 10-12 || total
-------------------------+-------+-------+-------+-------++-------
Melee: Unarmed           |    82 |    37 |   229 |   373 ||   721
       Punch             |     4 |       |     8 |    19 ||    31
       Morningstar       |       |       |       |    10 ||    10
Throw: Dart              |     4 |     9 |     5 |     2 ||    20
       Boomerang         |       |       |    24 |    35 ||    59
Invok: Trog's Hand       |     1 |     2 |     3 |     4 ||    10
       Berserk           |     1 |       |     6 |     5 ||    12
       Brothers in Arms  |       |       |       |     1 ||     1
  Use: Scroll            |       |       |     2 |    13 ||    15
 Stab: Sleeping          |     1 |       |       |       ||     1
Armor: Animal skin       |    26 |     7 |     7 |       ||    40
       Swamp dragon scal |       |       |    51 |   132 ||   183
       Troll leather arm |       |       |       |    36 ||    36
Dodge: Dodged            |    49 |    18 |    99 |   227 ||   393

Table legend: (Time is in decaauts)
 A = Elapsed time spent in this place.
 B = Non-inter-level travel time spent in this place.
 C = Inter-level travel time spent in this place.
 D = Time resting spent in this place.
 E = Time spent auto-exploring this place.
 F = Levels seen in this place.
 G = Mean time per level.
                   A        B        C        D        E       F      G
               +--------+--------+--------+--------+--------+-----+--------+
         Total |   9783 |   9313 |    470 |   1080 |   6082 |  14 |  698.8 |
       Dungeon |   7557 |   7193 |    364 |    744 |   4702 |  11 |  687.0 |
          Lair |   2226 |   2121 |    105 |    336 |   1379 |   3 |  742.0 |
               +--------+--------+--------+--------+--------+-----+--------+

Top non-repeatable levels by time:
  Lair:2: 1310 daAuts
     D:9: 1029 daAuts
     D:5: 981 daAuts
     D:6: 976 daAuts
  Lair:1: 876 daAuts
     D:7: 857 daAuts
    D:10: 701 daAuts
     D:2: 689 daAuts
     D:8: 673 daAuts
     D:4: 523 daAuts
     D:3: 516 daAuts
     D:1: 489 daAuts
    D:11: 119 daAuts
  Lair:3: 39 daAuts
